Map: Triton LE

Players

Trizztein

  • Race: Zerg Zerg
  • League: Diamond
  • Spawn Location: 11:00

SoSeRious - Winner!

  • Race: Protoss Protoss
  • Spawn Location: 5:00

VOD

Have the link to the VOD?

Description

Time

  • Played on: Dec. 4, 2019, 4:17 p.m.
  • Length: 6:40
Show
View Real Time Build Order
Export as new Build Order

Trizztein Zerg 

Build Orders: Hatch First 

Get SALT Encoding   

  12  0:01  Drone  
  13  0:12  Overlord  
  13  0:16  Drone  
  14  0:31  Drone x2  
  16  0:50  Hatchery  
  16  0:56  Drone x2  
  17  0:59  Drone  
  18  1:10  Extractor  
  17  1:16  Spawning Pool  
  16  1:18  Drone  
  16  1:23  Drone  
  18  1:28  Drone  
  19  1:47  Drone  
  19  1:51  Drone  
  21  2:01  Overlord  
  21  2:03  Queen x2  
  21  2:04  Zergling x2  
  26  2:16  Metabolic Boost  
  26  2:22  Zergling x2  
  27  2:23  Drone  
  27  2:24  Drone  
  29  2:38  Hatchery  
  28  2:45  Queen  
  30  2:52  Drone  
  30  2:53  Drone x2  
  33  3:04  Overlord  
  33  3:06  Overlord  
  33  3:07  Overlord  
  33  3:11  Drone  
  34  3:13  Drone  
  34  3:35  Zergling x6  
  34  3:36  Zergling x4  
  39  4:00  Drone x4  
  39  4:01  Drone x4  
  47  4:03  Drone  
  47  4:04  Drone x2  
  47  4:06  Drone  
  51  4:17  Overlord x3  
  51  4:18  Overlord  
  51  4:37  Extractor, Roach Warren  
  51  4:38  Extractor x2, Drone x2  
  49  4:39  Drone x2  
  49  4:40  Drone x3  
  53  4:50  Queen  
  53  4:51  Queen  
  57  4:55  Spine Crawler  
  57  4:56  Drone  
  57  4:57  Drone  
  57  4:58  Spine Crawler  
  57  4:59  Zergling x4  
  59  5:20  Roach  
  59  5:21  Roach x7  
  77  5:28  Roach  
  73  5:43  Roach  
  73  5:44  Roach x4  
  74  5:51  Roach  
  74  5:52  Roach  
  73  6:01  Roach  
  73  6:02  Roach  
  71  6:10  Roach  
  67  6:11  Roach  
  67  6:12  Roach  
  69  6:21  Roach  
Show
View Real Time Build Order
Export as new Build Order

SoSeRious Protoss - Winner!

Build Orders: 1 Gate Expand 

Get SALT Encoding   

  12  0:00  Probe  
  13  0:12  Probe  
  14  0:19  Pylon  
  14  0:25  Probe  
  15  0:38  Probe (Chrono Boost)  
  15  0:39  Gateway  
  16  0:46  Probe (Chrono Boost)  
  16  0:48  Assimilator  
  17  0:52  Probe  
  18  1:04  Probe (Chrono Boost)  
  19  1:16  Probe (Chrono Boost)  
  20  1:21  Probe (Chrono Boost)  
  21  1:27  Nexus  
  21  1:32  Probe  
  22  1:42  Cybernetics Core  
  22  1:44  Probe  
  23  1:54  Pylon  
  23  1:56  Assimilator  
  23  2:12  Probe  
  23  2:15  Adept (Chrono Boost)  
  24  2:19  Warp Gate  
  24  2:21  Gateway  
  26  2:26  Robotics Facility  
  26  2:29  Probe  
  27  2:37  Pylon  
  27  2:39  Probe (Chrono Boost)  
  28  2:44  Adept  
  28  2:51  Probe (Chrono Boost)  
  32  2:56  Probe (Chrono Boost)  
  32  2:57  Probe (Chrono Boost)  
  33  3:03  Probe  
  34  3:10  Immortal (Chrono Boost)  
  34  3:11  Sentry  
  36  3:17  Probe  
  41  3:22  Probe  
  42  3:29  Probe  
  43  3:37  Probe  
  43  3:41  Probe, Gateway  
  45  3:43  Gateway  
  45  3:49  Probe  
  45  3:53  Probe, Immortal (Chrono Boost)  
  49  4:06  Gateway  
  49  4:08  Gateway  
  49  4:09  Sentry  
  51  4:11  Sentry  
  51  4:14  Probe  
  51  4:15  Pylon  
  54  4:26  Pylon  
  54  4:30  Warp Prism (Chrono Boost)  
  54  4:38  Assimilator  
  56  4:39  Sentry  
  56  4:40  Sentry  
  60  4:48  Zealot  
  60  4:49  Zealot  
  60  4:51  Probe  
  65  4:57  Pylon  
  65  4:58  Probe  
  66  5:03  Gateway  
  66  5:08  Probe  
  66  5:09  Observer  
  66  5:10  Probe  
  69  5:15  Zealot x4  
  77  5:24  Pylon  
  75  5:46  Zealot x6  
  77  6:20  Sentry x5  
  71  6:39  Pylon  
Tags
 
Add a new tag
Caveats
  • Supply blocks, unpowered buildings, or Contaminate may cause inaccurate times.
  • Supply counts are checked every 10 seconds.